 Dungeon Crawl Stone Soup version 0.28-a0-479-g5baa6b73be (webtiles) character file.

Game seed: 3709571821160151643

6 lagrange the Shield-Bearer (level 2, -7/24 HPs)
             Began as a Formicid Fighter on Sept 17, 2021.
             Mangled by a kobold (20 damage)
             ... on level 1 of the Dungeon.
             The game lasted 00:00:30 (147 turns).

lagrange the Shield-Bearer (Formicid Fighter)        Turns: 147, Time: 00:00:30

Health: -7/24      AC:  6    Str: 20    XL:     2   Next: 0%
Magic:  2/2        EV:  9    Int:  7    God:
Gold:   24         SH:  4    Dex: 10    Spells: 1/1 levels left

rFire   . . .      SeeInvis +   a - +0 quarterstaff
rCold   . . .      Faith    .   c - +0 buckler
rNeg    . . .      Spirit   .   b - +0 scale mail
rPois   .          Reflect  .   (helmet unavailable)
rElec   .          Harm     .   (no cloak)
rCorr   .          Rampage  .   (no gloves)
Will    .....                   (no boots)
Stlth   ..........              (no amulet)
HPRegen 0.08/turn               (no ring)
MPRegen 0.08/turn               (no ring)

@: no status effects
A: permanent stasis, dig shafts and tunnels, antennae 3, four strong arms
a: Dig, Shaft Self


You were on level 1 of the Dungeon.
You visited 1 branch of the dungeon, and saw 1 of its levels.

You collected 24 gold pieces.

Inventory:

Hand Weapons
 a - a +0 quarterstaff (weapon)
Armour
 b - a +0 scale mail (worn)
 c - a +0 buckler (worn)
Potions
 d - a potion of might


   Skills:
 + Level 3.4 Fighting
 + Level 2.1 Staves
 + Level 3.4 Armour
 + Level 3.7 Shields


You had one spell level left.
You didn't know any spells.
Your spell library was empty.

Dungeon Overview and Level Annotations

Branches:
Dungeon (1/15)

Altars:


Innate Abilities, Weirdness & Mutations

You cannot be hasted, slowed, berserked, paralysed or teleported.
You can dig through walls and to a lower floor.
You have a pair of large antennae on your head. (SInv)
Your four strong arms can wield two-handed weapons with a shield.


Message History

You block the kobold's attack.
You hit the kobold.
You kill the kobold!
Things that are here:
a +0 whip; a kobold corpse HP restored.
You now have 24 gold pieces (gained 13).
A rat comes into view.
A rat comes into view.
You hit the rat.
The rat is severely wounded.
You block the rat's attack.
You closely miss the rat.
The rat is severely wounded.
You block the rat's attack.
You hit the rat.
You kill the rat!
You thump the rat!
You kill the rat!
You see here a rat corpse.
You sense a monster nearby.
A bat comes into view.
The bat hits you. The bat hits you but does no damage.
You miss the bat. The bat hits you. The bat hits you but does no damage. x2
You sock the bat!
You kill the bat!
You have reached level 2!
You see here a bat corpse.
A kobold comes into view.
It is wielding a +1 dagger of electrocution.
The kobold throws a stone.
The stone barely misses you.
You miss the kobold. The kobold barely misses you.
You barely miss the kobold.
The kobold hits you with a +1 dagger of electrocution.
You are electrocuted!
The kobold hits you but does no damage.
You hit the kobold.
The kobold is severely wounded.
The kobold hits you but does no damage.
You are electrocuted!!
Ouch! That really hurt!
You die...

########
########......#
#........@K...#
#....####.....#
#....# #.....#
#....####.....#
#.###.#†####..#
#. ##.#.# ..# #
#.#.## ..# .
##.#.###..# ...
.....####.....#


You could see a kobold.

Vanquished Creatures
  An endoplasm (D:1)
  A ball python (D:1)
  A bat (D:1)
  A frilled lizard (D:1)
  A kobold (D:1)
  3 rats (D:1)
8 creatures vanquished.

Vanquished Creatures (others)
  2 plants (D:1)
2 creatures vanquished.

Grand Total: 10 creatures vanquished

Notes
Turn   | Place    | Note
-------+----------+-------------------------------------------
     0 | D:1      | lagrange the Formicid Fighter began the quest for the Orb.
     0 | D:1      | Reached XP level 1. HP: 18/18 MP: 1/1
   113 | D:1      | Reached XP level 2. HP: 22/24 MP: 2/2
   147 | D:1      | Mangled by a kobold

Illustrated notes

Levels and vault maps discovered:
D:1:      roderic_crop_circles_arrival_small, layout_basic,
          ebering_ecumenical_altar_webs, minmay_door_square, minivault_24

Action                   || total
-------------------------++-------
Melee: Quarterstaff      ||    17
Armor: Scale mail        ||    12
Dodge: Dodged            ||     5
Block: Buckler           ||     5

Table legend: (Time is in decaauts)
 A = Elapsed time spent in this place.
 B = Non-inter-level travel time spent in this place.
 C = Inter-level travel time spent in this place.
 D = Time resting spent in this place.
 E = Time spent auto-exploring this place.
 F = Levels seen in this place.
 G = Mean time per level.
                   A        B        C        D        E       F      G
               +--------+--------+--------+--------+--------+-----+--------+
         Total |    150 |    150 |      0 |      0 |     94 |   1 |  150.0 |
       Dungeon |    150 |    150 |      0 |      0 |     94 |   1 |  150.0 |
               +--------+--------+--------+--------+--------+-----+--------+

Top non-repeatable levels by time:
     D:1: 150 daAuts
